 Dungeon Crawl Stone Soup version 0.14-a0-663-gfc8c466 (webtiles) character file.

8898 Impy the Fighter (level 11, -10/85 HPs)
             Began as a Demonspawn Gladiator on Nov 6, 2013.
             Shot with a poisoned arrow of flame by Nessos (24 damage)
             ... on Level 13 of the Dungeon.
             The game lasted 00:54:58 (12602 turns).

Impy the Fighter (Demonspawn Gladiator)            Turns: 12602, Time: 00:54:59

HP -10/85        AC 18     Str 15      XL: 11   Next:  6%
MP   0/10        EV 15     Int 14      God:
Gold 696         SH  0     Dex 11      Spells:  0 memorised, 10 levels left

Res.Fire  : . . .   See Invis. : .   a - +1 quarterstaff
Res.Cold  : . . .   Warding    : .   Q - +0 troll leather armour
Life Prot.: . . .   Conserve   : .   (no shield)
Res.Poison: .       Res.Corr.  : .   c - +1 helmet
Res.Elec. : .       Clarity    : .   o - +2 cloak
Sust.Abil.: . .     Spirit.Shd : +   (no gloves)
Res.Mut.  : .       Stasis     : .   N - +1 pair of orc boots {Fly}
Res.Rott. : .       Flight     : .   g - amulet of faith
Saprovore : . . .                    (no ring)
                                     (no ring)

@: mildly poisoned, somewhat resistant to hostile enchantments, very unstealthy
A: hooves 1, blink 1, demonic guardian 1, magic shield, AC +7, Dex -2
a: Blink, Evoke Flight


You were on level 13 of the Dungeon.
You were not hungry.

You visited 2 branches of the dungeon, and saw 15 of its levels.
You also visited: Bailey.

You collected 696 gold pieces.

Inventory:

Hand weapons
 a - a +1,+1 quarterstaff (weapon)
 p - a -1,-4 orcish broad axe
 w - a +0,+2 orcish trident of protection
 y - a cursed +0 blowgun
 O - a +1,+2 vampiric long sword
Missiles
 j - 4 javelins (quivered)
 x - 10 tomahawks
 A - 17 poisoned needles
Armour
 b - a +0 leather armour
 c - a +1 helmet (worn)
 o - a +2 cloak (worn)
 J - a +0 shield
 N - a +1 pair of orcish boots of flying (worn)
 Q - a +0 troll leather armour (worn)
Magical devices
 q - a wand of cold (0)
 s - a wand of lightning (0)
 t - a wand of heal wounds (3)
 I - a wand of fireball (2)
 M - a wand of magic darts (11)
Comestibles
 f - a choko
 l - 5 meat rations
 C - 4 royal jellies
 P - a chunk of worker ant flesh
Scrolls
 e - 3 scrolls of enchant weapon II
 h - 2 scrolls of enchant weapon I
 i - 2 scrolls of identify
 k - 3 scrolls of remove curse
 r - 2 scrolls of fear
 u - a scroll of amnesia
 v - 2 scrolls of magic mapping
Jewellery
 g - an amulet of faith (around neck)
 D - the ring "Cheosh" {SustAb Hunger+ rPois}
   (You found it on level 8 of the Dungeon)

   [ring of sustain abilities]

   It protects you from poison.
   It greatly speeds your metabolism.
 H - an uncursed amulet of stasis
 L - the amulet of Cekugob {Ward -Tele Hunger rElec rPois rN+ AC+1 EV+1}
   (You found it on level 10 of the Dungeon)

   [amulet of warding]

   It affects your AC (+1).
   It affects your evasion (+1).
   It insulates you from electricity.
   It protects you from poison.
   It protects you from negative energy.
   It prevents most forms of teleportation.
   It speeds your metabolism.
Potions
 m - a potion of restore abilities
 n - a potion of invisibility
 z - a potion of curing
 E - a potion of heal wounds
Books
 d - a book of Party Tricks

   Spells                             Type                      Level
   Summon Butterflies                 Summoning                    1
   Apportation                        Translocation                1
   Blink                              Translocation                2
   Alistair's Intoxication            Transmutation/Poison         4
   Tukima's Dance                     Hexes                        5
 F - a book of Envenomations

   Spells                             Type                      Level
   Spider Form                        Transmutation/Poison         3
   Poison Weapon                      Charms/Poison                3
   Summon Scorpions                   Summoning/Poison             4
   Olgreb's Toxic Radiance            Poison                       4
   Poisonous Cloud                    Conjuration/Poison/Air       6
 G - a book of Transfigurations

   Spells                             Type                      Level
   Stoneskin                          Transmutation/Earth          2
   Ice Form                           Ice/Transmutation            4
   Statue Form                        Transmutation/Earth          6
   Dragon Form                        Transmutation                7
 K - a book of Clouds

   Spells                             Type                      Level
   Mephitic Cloud                     Conjuration/Poison/Air       3
   Conjure Flame                      Conjuration/Fire             3
   Poisonous Cloud                    Conjuration/Poison/Air       6
   Freezing Cloud                     Conjuration/Ice/Air          6
   Ring of Flames                     Charms/Fire                  7


   Skills:
 + Level 9.6 Fighting
 + Level 9.3 Staves
   Level 2.6 Bows
 - Level 1.7 Throwing
 + Level 9.3 Dodging
   Level 2.6 Hexes


You had 10 spell levels left.
You didn't know any spells.

Dungeon Overview and Level Annotations

Branches:
Dungeon (14/27)            Temple (1/1) D:4             Orc (0/4) D:7
   Lair: D:8-13

Altars:
Cheibriados
Elyvilon
Fedhas
Kikubaaqudgha
Makhleb
Nemelex Xobeh
Okawaru
Sif Muna
Trog
Vehumet
Xom
Yredelemnul
Zin
the Shining One
Lugonu

Shops:
D:4 +   D:11 (   D:12 *

Annotations:
D:11 exclusions: orange crystal statue and silver statue
D:13 Nessos


Innate Abilities, Weirdness & Mutations

You have large cloven feet.
You are mostly covered in rough black scales (AC +7, Dex -2).
A weak demonic guardian rushes to your aid.
When hurt, damage is shared between your health and your magic reserves.
You can translocate small distances at will.


Message History

You are engulfed in flames!
* * * LOW HITPOINT WARNING * * *
Found 12 bolts.
Your surroundings suddenly seem different.
Nessos comes into view.
Nessos casts a spell.
Nessos seems to speed up.
Nessos wields a longbow of flame.
It bursts into flame!
Nessos shoots a poisoned arrow of flame.
The poisoned arrow of flame hits you!
One of your 3 scrolls of fear catches fire!
You are poisoned.
* * * LOW HITPOINT WARNING * * *
You hear a bark!
Drink which item? (? for menu, Esc to quit)
You feel better.
Nessos shoots a poisoned arrow of flame.
The poisoned arrow of flame hits you!
You are poisoned.
You die...

### #.. . #.# #.# #.# ...
##+###.# #.# ##...##.#
#.# ##.....#.###.#.#
##.## ##.......@......#
#...####.........###....#
.......'>........+ c
#...####.........# #..##
##.......## #.##
##.....## #.# ##...## #.#
##'## #.# #.#


You could see Nessos.

Vanquished Creatures
  A hill giant (D:10)
  A troll (D:11)
  A hill giant zombie (D:11)
  An ugly thing (D:13)
  A wyvern (D:11)
  2 hippogriffs
  A hill giant skeleton (D:11)
  Edmund (D:4)
  3 manticores
  A necrophage (D:14)
  10 orc warriors
  3 sky beasts
  4 black bears
  A phantom (D:10)
  6 ogres
  A yellow wasp (D:11)
  4 ice beasts
  Duvessa (D:6)
  3 big kobolds
  A cyclops zombie (D:10)
  4 giant frogs
  5 killer bees (D:11)
  A quasit (D:9)
  A yak skeleton (D:11)
  Dowan (D:6)
  4 crimson imps
  3 goliath beetles
  2 scorpions
  3 hounds
  A giant frog skeleton (D:9)
  An iguana (D:9)
  6 jellies
  A gnoll shaman (D:6)
  3 orc priests
  13 orc wizards
  10 worker ants
  A sky beast zombie (D:8)
  A crocodile skeleton (D:10)
  A mummy (D:7)
  A worker ant zombie (D:11)
  13 adders
  9 gnolls
  A giant mite (D:9)
  4 worms
  A scorpion zombie (D:6)
  A giant eyeball (D:6)
  4 giant geckos
  5 oozes (D:8)
  75 orcs
  2 ball pythons
  14 bats
  A bat skeleton (D:4)
  8 giant cockroaches
  25 goblins
  17 hobgoblins
  4 jackals (D:2)
  32 kobolds
  A quokka (D:8)
  2 giant newts
  A giant spore (D:10)
  A gnoll skeleton (D:8)
  A hobgoblin skeleton (D:6)
  An orc zombie (D:7)
  6 rats
  3 ballistomycetes (D:10)
342 creatures vanquished.

Vanquished Creatures (collateral kills)
  A hydra (D:11)
  A two-headed ogre (D:14)
  An ogre (D:9)
  A killer bee (D:11)
  A worker ant (D:4)
  An adder (D:4)
  A giant gecko (D:6)
  4 orcs
  A goblin (D:6)
  A hobgoblin (D:6)
13 creatures vanquished.

Vanquished Creatures (others)
  8 crimson imps
  12 iron imps
  13 lemures
  14 white imps
  11 ufetubi
58 creatures vanquished.

Grand Total: 413 creatures vanquished

Notes
Turn   | Place    | Note
--------------------------------------------------------------
     0 | D:1      | Impy, the Demonspawn Gladiator, began the quest for the Orb.
     0 | D:1      | Reached XP level 1. HP: 17/17 MP: 0/0
   115 | D:1      | Gained mutation: You are partially covered in rough black scales (AC +4, Dex -1). [demonic ancestry]
   115 | D:1      | Reached XP level 2. HP: 10/23 MP: 1/1
   253 | D:1      | Reached skill level 3 in Staves
   816 | D:2      | Gained mutation: A weak demonic guardian rushes to your aid. [demonic ancestry]
   816 | D:2      | Reached XP level 3. HP: 28/28 MP: 2/2
  1395 | D:2      | Reached XP level 4. HP: 31/35 MP: 3/3
  2495 | D:4      | Noticed Edmund
  2507 | D:4      | Gained mutation: You are mostly covered in rough black scales (AC +7, Dex -2). [demonic ancestry]
  2507 | D:4      | Reached XP level 5. HP: 41/41 MP: 4/4
  2536 | D:4      | Killed Edmund
  2536 | D:4      | Reached skill level 4 in Staves
  2736 | D:4      | Gained mutation: You have large cloven feet. [demonic ancestry]
  2736 | D:4      | Reached XP level 6. HP: 47/47 MP: 5/5
  2928 | D:4      | Noticed an ogre
  2933 | D:4      | Killed an ogre
  2972 | D:4      | Found Duiluj's Book Shoppe.
  3147 | D:4      | Found a staircase to the Ecumenical Temple.
  3173 | D:4      | Noticed an ogre
  3181 | D:4      | Killed an ogre
  3194 | Temple   | Entered the Ecumenical Temple
  3547 | D:5      | Entered Level 5 of the Dungeon
  3682 | D:5      | Reached XP level 7. HP: 49/53 MP: 6/6
  3742 | D:5      | Found an ancient bone altar of Kikubaaqudgha.
  3846 | D:5      | Reached skill level 5 in Staves
  3889 | D:5      | Reached skill level 5 in Dodging
  4186 | D:6      | Reached skill level 5 in Fighting
  4234 | D:6      | Found a bloodstained altar of Trog.
  4308 | D:6      | Gained mutation: When hurt, damage is shared between your health and your magic reserves. [demonic ancestry]
  4308 | D:6      | Reached XP level 8. HP: 49/61 MP: 7/7
  4430 | D:6      | Reached skill level 6 in Staves
  4775 | D:6      | Noticed Duvessa
  4776 | D:6      | Noticed Dowan
  4796 | D:6      | Killed Duvessa
  4802 | D:6      | Killed Dowan
  5904 | D:7      | Reached XP level 9. HP: 68/68 MP: 8/8
  5967 | D:7      | Reached skill level 7 in Dodging
  6266 | D:7      | Found a staircase to the Orcish Mines.
  6683 | D:8      | Got a faintly glowing bone ring
  6687 | D:8      | Identified the ring "Cheosh" {SustAb Hunger+ rPois} (You found it on level 8 of the Dungeon)
  6718 | D:8      | Gained mutation: Your natural rate of healing is unusually fast. [potion of mutation]
  6718 | D:8      | Gained mutation: You can translocate small distances at will. [potion of mutation]
  6916 | D:8      | Reached skill level 8 in Fighting
  7784 | D:9      | Lost mutation: Your natural rate of healing is unusually fast. [helix card]
  7817 | D:9      | Reached XP level 10. HP: 75/77 MP: 9/9
  7843 | D:10     | Entered Level 10 of the Dungeon
  8625 | D:10     | Reached skill level 1 in Hexes
  8704 | D:10     | Found an ancient bone altar of Kikubaaqudgha.
  8829 | D:10     | Reached skill level 1 in Bows
  9261 | D:10     | Noticed a hill giant
  9276 | D:10     | Killed a hill giant
  9912 | D:11     | Found Ynoacs' Antique Weapon Boutique.
  9984 | D:11     | Found a flagged portal.
 10044 | Bailey   | Entered a bailey
 11203 | D:11     | Reached skill level 9 in Fighting
 11748 | D:11     | Noticed a seven-headed hydra
 11761 | D:11     | Killed a seven-headed hydra
 12379 | D:12     | Noticed a hill giant
 12418 | D:12     | Reached XP level 11. HP: 85/85 MP: 10/10
 12441 | D:12     | Found Xoulaaxo's General Store.
 12451 | D:12     | You fall through a shaft!
 12520 | D:14     | Noticed an ironbrand convoker
 12520 | D:14     | Noticed a vault guard
 12601 | D:13     | Noticed Nessos
 12602 | D:13     | Shot with a poisoned arrow of flame by Nessos

Action                   |  1- 3 |  4- 6 |  7- 9 | 10-12 || total
-------------------------+-------+-------+-------+-------++-------
Melee: Quarterstaff      |   142 |   191 |   601 |   527 ||  1461
       Broad axe         |       |    17 |    13 |     4 ||    34
       Trident           |       |       |     4 |       ||     4
Throw: Throwing net      |     4 |     2 |     3 |       ||     9
       Javelin           |       |       |    21 |    19 ||    40
       Tomahawk          |       |       |    21 |    16 ||    37
 Abil: Blink             |       |       |       |     1 ||     1
Evoke: Wand              |       |     2 |    10 |     7 ||    19
       Deck              |       |       |     7 |       ||     7
  Use: Scroll            |     8 |     2 |    12 |    10 ||    32
       Potion            |       |     3 |     5 |     5 ||    13
 Stab: Sleeping          |       |     1 |       |       ||     1
       Held in net/web   |       |       |     1 |       ||     1
       Distracted        |       |       |       |     1 ||     1
